[ AOE2 MATCH · #507248423 ]
UnrankedJapanese vs Japanese
Player's team · LOSS
Rival team · WIN
[ REPLAY ANALYSIS · EXTRACTED FROM THE RECORDED GAME ]
Feudal
8:54
Castle
32:29
Imperial
—
| APM avg | 60.1 |
| APM peak | 98 |
| eAPM avg | 26.3 |
| Villagers / military | 132 / 43 |
Focus
⚔️ 27.1% · 🌾 72.9%
Spearman ×14 · Militia ×13 · Monk ×10 · Knight ×6
Feudal
8:52
Castle
23:24
Imperial
—
| APM avg | 63.6 |
| APM peak | 96 |
| eAPM avg | 24.8 |
| Villagers / military | 99 / 45 |
Focus
⚔️ 30.6% · 🌾 69.4%
Knight ×26 · Archer ×9 · Militia ×5 · Mangonel ×2 · Battering Ram ×2 · Skirmisher ×1
Match map
Initial resources + every placement click. Lines = walls · curves = elevation contours. ◆ gold · ⬟ stone · ● berries · ✦ relic · ◌ wall gap
Your base· Open — 10t gap
Feroker's base· Open — unwalled flank
Smoothed initial terrain · ◌ = detected wall gap · hover for details
Inputs per minute
— 新竹 - - Feroker
Build order — 新竹
First 150 of 269 actions detected
| 0:00 | Create | Villager (Male) |
| 0:00 | Create | Villager (Male) |
| 0:01 | Create | Villager (Male) |
| 0:02 | Build | House |
| 0:03 | Build | House |
| 0:14 | Create | Villager (Male) |
| 0:15 | Create | Villager (Male) |
| 1:27 | Create | Villager (Male) |
| 1:28 | Create | Villager (Male) |
| 2:00 | Create | Villager (Male) |
| 2:01 | Create | Villager (Male) |
| 2:14 | Create | Villager (Male) |
| 2:14 | Create | Villager (Male) |
| 2:22 | Build | Lumber Camp |
| 2:46 | Create | Villager (Male) |
| 2:46 | Create | Villager (Male) |
| 3:10 | Create | Villager (Male) |
| 3:11 | Create | Villager (Male) |
| 3:11 | Create | Villager (Male) |
| 3:22 | Build | House |
| 3:43 | Create | Villager (Male) |
| 3:44 | Create | Villager (Male) |
| 3:57 | Create | Villager (Male) |
| 3:57 | Create | Villager (Male) |
| 4:11 | Create | Villager (Male) |
| 4:11 | Create | Villager (Male) |
| 4:47 | Create | Villager (Male) |
| 4:47 | Create | Villager (Male) |
| 4:51 | Create | Villager (Male) |
| 4:51 | Create | Villager (Male) |
| 5:06 | Build | Barracks |
| 5:26 | Build | House |
| 5:28 | Create | Villager (Male) |
| 5:28 | Create | Villager (Male) |
| 5:41 | Research | Loom |
| 5:41 | Research | Loom |
| 6:31 | Build | Mining Camp |
| 6:44 | Research | Feudal Age |
| 6:44 | Research | Feudal Age |
| 6:44 | Research | Feudal Age |
| 6:56 | Create | Militia |
| 6:56 | Create | Militia |
| 7:04 | Build | House |
| 7:09 | Build | Palisade Wall |
| 7:11 | Build | Palisade Wall |
| 7:18 | Create | Militia |
| 7:18 | Create | Militia |
| 7:29 | Build | Palisade Wall |
| 7:32 | Create | Militia |
| 7:32 | Create | Militia |
| 7:54 | Create | Militia |
| 7:59 | Build | Mill |
| 8:11 | Create | Militia |
| 8:54 | Age | Feudal Age |
| 9:00 | Create | Villager (Male) |
| 9:00 | Create | Villager (Male) |
| 9:07 | Research | Man-at-Arms (upgrade) |
| 9:07 | Research | Man-at-Arms (upgrade) |
| 9:20 | Create | Villager (Male) |
| 9:26 | Build | Farm |
| 9:30 | Build | Farm |
| 9:50 | Create | Villager (Male) |
| 9:50 | Create | Villager (Male) |
| 9:56 | Build | Palisade Wall |
| 9:58 | Build | House |
| 10:01 | Build | Palisade Wall |
| 10:13 | Build | House |
| 10:35 | Create | Villager (Male) |
| 10:48 | Build | Watch Tower |
| 10:52 | Create | Villager (Male) |
| 10:52 | Create | Villager (Male) |
| 10:52 | Create | Villager (Male) |
| 11:14 | Create | Villager (Male) |
| 11:14 | Create | Villager (Male) |
| 11:14 | Create | Villager (Male) |
| 11:14 | Create | Villager (Male) |
| 11:18 | Build | Mining Camp |
| 11:24 | Create | Villager (Male) |
| 11:57 | Create | Villager (Male) |
| 11:57 | Create | Villager (Male) |
| 11:58 | Create | Villager (Male) |
| 12:20 | Build | Farm |
| 12:26 | Create | Villager (Male) |
| 12:26 | Create | Villager (Male) |
| 12:26 | Create | Villager (Male) |
| 12:38 | Build | Palisade Wall |
| 12:39 | Build | Palisade Wall |
| 12:45 | Create | Villager (Male) |
| 12:45 | Create | Villager (Male) |
| 12:57 | Build | Watch Tower |
| 12:58 | Create | Villager (Male) |
| 12:58 | Create | Villager (Male) |
| 12:58 | Create | Villager (Male) |
| 13:09 | Create | Villager (Male) |
| 13:09 | Create | Villager (Male) |
| 13:09 | Create | Villager (Male) |
| 13:24 | Build | Watch Tower |
| 13:26 | Create | Villager (Male) |
| 13:27 | Create | Villager (Male) |
| 13:36 | Research | Double-Bit Axe |
| 13:36 | Research | Double-Bit Axe |
| 13:37 | Create | Villager (Male) |
| 13:37 | Create | Villager (Male) |
| 14:00 | Build | House |
| 14:03 | Build | Palisade Wall |
| 14:12 | Create | Villager (Male) |
| 14:12 | Create | Villager (Male) |
| 14:13 | Create | Villager (Male) |
| 14:41 | Build | House |
| 14:55 | Create | Villager (Male) |
| 14:56 | Create | Villager (Male) |
| 14:56 | Create | Villager (Male) |
| 15:23 | Build | Watch Tower |
| 15:24 | Create | Villager (Male) |
| 15:24 | Create | Villager (Male) |
| 15:24 | Create | Villager (Male) |
| 16:34 | Build | House |
| 16:41 | Build | Lumber Camp |
| 16:48 | Build | Watch Tower |
| 16:51 | Create | Villager (Male) |
| 16:51 | Create | Villager (Male) |
| 16:51 | Create | Villager (Male) |
| 17:25 | Create | Villager (Male) |
| 17:25 | Create | Villager (Male) |
| 17:25 | Create | Villager (Male) |
| 17:34 | Build | Watch Tower |
| 18:09 | Build | Watch Tower |
| 18:20 | Create | Villager (Male) |
| 18:20 | Create | Villager (Male) |
| 18:20 | Create | Villager (Male) |
| 18:20 | Create | Villager (Male) |
| 18:35 | Build | Watch Tower |
| 18:53 | Build | Farm |
| 19:06 | Create | Villager (Male) |
| 19:06 | Create | Villager (Male) |
| 19:06 | Create | Villager (Male) |
| 19:38 | Create | Villager (Male) |
| 19:38 | Create | Villager (Male) |
| 19:38 | Create | Villager (Male) |
| 19:39 | Create | Villager (Male) |
| 19:39 | Create | Villager (Male) |
| 19:40 | Build | Farm |
| 19:58 | Build | Watch Tower |
| 20:02 | Build | Farm |
| 20:03 | Build | Farm |
| 20:09 | Create | Villager (Male) |
| 20:09 | Create | Villager (Male) |
| 20:09 | Create | Villager (Male) |
| 20:21 | Build | Farm |
| 20:22 | Build | Farm |
Build order — Feroker
First 150 of 260 actions detected
| 0:01 | Create | Villager (Male) |
| 0:02 | Build | House |
| 0:02 | Build | House |
| 0:04 | Create | Villager (Male) |
| 0:08 | Create | Villager (Male) |
| 0:10 | Create | Villager (Male) |
| 1:23 | Create | Villager (Male) |
| 1:46 | Build | Lumber Camp |
| 1:57 | Create | Villager (Male) |
| 1:57 | Create | Villager (Male) |
| 2:14 | Create | Villager (Male) |
| 2:41 | Create | Villager (Male) |
| 3:16 | Create | Villager (Male) |
| 3:42 | Create | Villager (Male) |
| 3:42 | Create | Villager (Male) |
| 3:52 | Build | House |
| 4:04 | Create | Villager (Male) |
| 4:04 | Create | Villager (Male) |
| 4:16 | Create | Villager (Male) |
| 4:16 | Create | Villager (Male) |
| 4:34 | Create | Villager (Male) |
| 4:35 | Create | Villager (Male) |
| 4:44 | Create | Villager (Male) |
| 4:44 | Create | Villager (Male) |
| 5:01 | Create | Villager (Male) |
| 5:17 | Build | Barracks |
| 5:29 | Research | Loom |
| 6:03 | Build | House |
| 6:04 | Build | Palisade Wall |
| 6:42 | Research | Feudal Age |
| 6:50 | Create | Militia |
| 6:53 | Build | Mining Camp |
| 7:10 | Create | Militia |
| 7:16 | Build | Mill |
| 7:45 | Create | Militia |
| 7:45 | Create | Militia |
| 8:11 | Create | Militia |
| 8:23 | Build | House |
| 8:44 | Create | Villager (Male) |
| 8:52 | Age | Feudal Age |
| 9:14 | Research | Man-at-Arms (upgrade) |
| 9:15 | Create | Villager (Male) |
| 9:16 | Research | Double-Bit Axe |
| 9:29 | Build | Archery Range |
| 9:48 | Create | Villager (Male) |
| 9:48 | Create | Villager (Male) |
| 10:17 | Build | Farm |
| 10:19 | Build | Farm |
| 10:21 | Create | Villager (Male) |
| 10:21 | Create | Villager (Male) |
| 10:32 | Build | Farm |
| 10:33 | Create | Archer |
| 10:44 | Create | Archer |
| 10:47 | Build | House |
| 10:49 | Build | Palisade Wall |
| 10:50 | Build | Palisade Wall |
| 10:50 | Build | Palisade Wall |
| 11:07 | Create | Villager (Male) |
| 11:12 | Build | Palisade Wall |
| 11:14 | Build | Palisade Wall |
| 11:15 | Build | Palisade Wall |
| 11:27 | Build | Palisade Wall |
| 11:38 | Create | Villager (Male) |
| 11:40 | Build | Farm |
| 11:51 | Create | Villager (Male) |
| 12:00 | Create | Villager (Male) |
| 12:08 | Build | Lumber Camp |
| 12:15 | Create | Archer |
| 12:19 | Create | Villager (Male) |
| 12:40 | Create | Villager (Male) |
| 12:50 | Create | Archer |
| 12:53 | Create | Villager (Male) |
| 12:56 | Build | House |
| 13:06 | Build | Blacksmith |
| 13:15 | Build | Mining Camp |
| 13:26 | Create | Skirmisher |
| 13:35 | Create | Villager (Male) |
| 13:40 | Build | Watch Tower |
| 13:41 | Create | Villager (Male) |
| 14:03 | Create | Villager (Male) |
| 14:40 | Create | Villager (Male) |
| 14:41 | Build | Farm |
| 14:51 | Create | Villager (Male) |
| 14:55 | Research | Fletching |
| 14:55 | Research | Fletching |
| 15:20 | Create | Villager (Male) |
| 15:29 | Create | Villager (Male) |
| 15:44 | Create | Archer |
| 15:54 | Create | Villager (Male) |
| 15:56 | Create | Archer |
| 16:07 | Create | Villager (Male) |
| 16:15 | Build | Farm |
| 16:23 | Build | House |
| 16:36 | Create | Archer |
| 16:42 | Build | Farm |
| 16:44 | Build | Farm |
| 16:44 | Build | Farm |
| 16:48 | Build | Farm |
| 16:48 | Create | Villager (Male) |
| 16:50 | Build | Mining Camp |
| 16:58 | Create | Villager (Male) |
| 17:01 | Build | Farm |
| 17:03 | Build | Farm |
| 17:13 | Create | Archer |
| 17:15 | Create | Villager (Male) |
| 17:25 | Build | Farm |
| 17:27 | Build | Farm |
| 17:40 | Build | Mining Camp |
| 17:45 | Create | Villager (Male) |
| 17:51 | Create | Villager (Male) |
| 17:53 | Build | Market |
| 18:13 | Create | Villager (Male) |
| 18:31 | Build | House |
| 18:34 | Create | Villager (Male) |
| 18:41 | Build | Watch Tower |
| 19:27 | Create | Villager (Male) |
| 19:38 | Create | Villager (Male) |
| 20:23 | Build | Farm |
| 20:44 | Research | Castle Age |
| 20:44 | Research | Castle Age |
| 20:51 | Build | Lumber Camp |
| 21:22 | Build | Stable |
| 21:40 | Build | Lumber Camp |
| 21:50 | Research | Scale Barding Armor |
| 22:06 | Create | Archer |
| 22:12 | Build | House |
| 22:14 | Build | House |
| 22:33 | Research | Bloodlines |
| 22:33 | Research | Bloodlines |
| 22:46 | Build | Farm |
| 22:50 | Build | House |
| 23:01 | Build | Watch Tower |
| 23:18 | Create | Villager (Male) |
| 23:24 | Age | Castle Age |
| 23:27 | Create | Knight |
| 23:47 | Create | Knight |
| 23:48 | Create | Villager (Male) |
| 23:55 | Build | Town Center |
| 24:07 | Create | Knight |
| 24:30 | Create | Villager (Male) |
| 24:43 | Create | Knight |
| 24:51 | Build | Siege Workshop |
| 24:54 | Create | Villager (Male) |
| 25:14 | Create | Knight |
| 25:27 | Build | Farm |
| 25:27 | Create | Villager (Male) |
| 25:46 | Build | Town Center |
| 25:52 | Create | Villager (Male) |
| 25:57 | Create | Mangonel |
| 26:02 | Build | House |
Match timeline
| 5:06 | 新竹 · first_building Barracks |
| 5:17 | Feroker · first_building Barracks |
| 6:04 | Feroker · wall_segment Palisade Wall x1 |
| 7:09 | 新竹 · wall_segment Palisade Wall x1 |
| 7:11 | 新竹 · wall_segment Palisade Wall x3 |
| 7:29 | 新竹 · wall_segment Palisade Wall x1 |
| 8:52 | Feroker · age_up feudal |
| 8:54 | 新竹 · age_up feudal |
| 9:29 | Feroker · first_building Archery Range |
| 9:56 | 新竹 · wall_segment Palisade Wall x2 |
| 10:01 | 新竹 · wall_segment Palisade Wall x1 |
| 10:49 | Feroker · wall_segment Palisade Wall x1 |
| 10:50 | Feroker · wall_segment Palisade Wall x1 |
| 10:50 | Feroker · wall_segment Palisade Wall x1 |
| 11:12 | Feroker · wall_segment Palisade Wall x1 |
| 11:14 | Feroker · wall_segment Palisade Wall x1 |
| 11:15 | Feroker · wall_segment Palisade Wall x1 |
| 11:27 | Feroker · wall_segment Palisade Wall x1 |
| 12:38 | 新竹 · wall_segment Palisade Wall x3 |
| 12:39 | 新竹 · wall_segment Palisade Wall x1 |
| 14:03 | 新竹 · wall_segment Palisade Wall x1 |
| 18:39 | Feroker · first_market_buy 100 stone |
| 20:37 | Feroker · first_market_sell 100 wood |
| 21:22 | Feroker · first_building Stable |
| 23:24 | Feroker · age_up castle |
| 24:51 | Feroker · first_building Siege Workshop |
| 29:48 | 新竹 · first_market_buy 100 food |
| 29:55 | 新竹 · first_building Stable |
| 32:29 | 新竹 · age_up castle |
| 32:48 | Feroker · first_building Monastery |
| 34:41 | 新竹 · first_building Monastery |
| 34:45 | Feroker · first_building Castle |
| 35:26 | 新竹 · resign |
[ AI ANALYSIS · 1 CREDIT ]
What really happened in this match?
Wolo.gg analyzes every decision: build order, eco, micro, common mistakes by bracket. Personalized analysis on WhatsApp or Discord in 30 seconds.
Civ guide
Japanese
Perfil
Jugador #14547856